cohdb
Replays
Latest Replays
All Replays
Popular Replays
Top Player Replays
Match Explorer
How It Works
Community
CoH3 Stats
Reddit
Sign in to upload your games and track your stats! →
Sign in with Steam
Match 42360913
Unlisted
Match 42360913
Overview
Messages
Build Orders
End
Construct Section Command Post
Selects Australian Defense Battlegroup
Selects Australian Light Infantry Section
Australian Light Infantry Section
Vickers Machine Gun Team
Australian Light Infantry Section
Australian Light Infantry Section
Vickers Machine Gun Team
Construct Section Command Post
Construct Platoon Command Post
Construct Field Infirmary
Selects CMP 15cwt Supply Run
Selects Reinforced Resource Caches
CMP 15cwt Supply Run
Construct Company Command Post
Crusader II Medium Tank
CMP 15cwt Supply Run
ConcernedApe
syaqattack
白织
ksm9701
0
0
Comments
sign in to comment!
No comments posted yet!